Map: Blackburn LE

Players

ForJumy

  • Race: Protoss Protoss

SortOf - Winner!

  • Race: Zerg Zerg

Event: DreamHack SC2 Masters 2021 Winter

VOD

Have the link to the VOD?

Description

Time

  • Played on: Oct. 1, 2021, 12:41 p.m.
  • Length: 11:06

All games in this series

Show
View Real Time Build Order
Export as new Build Order

ForJumy Protoss 

Build Orders: 1 Gate Expand, Oracle Opening, Colossus Rush 

Get SALT Encoding   

  12  0:00  Probe  
  13  0:12  Probe  
  14  0:17  Pylon  
  14  0:24  Probe  
  15  0:36  Probe (Chrono Boost)  
  15  0:40  Gateway  
  16  0:48  Probe (Chrono Boost)  
  17  0:50  Assimilator  
  17  0:53  Probe (Chrono Boost)  
  18  1:03  Probe  
  19  1:15  Probe  
  20  1:27  Nexus  
  20  1:37  Cybernetics Core  
  20  1:40  Probe  
  20  1:45  Assimilator  
  21  1:52  Pylon  
  21  1:55  Probe  
  22  2:07  Probe  
  23  2:11  Adept (Chrono Boost)  
  25  2:20  Probe  
  25  2:21  Stargate  
  26  2:31  Adept (Chrono Boost)  
  26  2:33  Warp Gate  
  28  2:41  Probe (Chrono Boost)  
  30  2:46  Probe (Chrono Boost)  
  30  2:50  Probe (Chrono Boost)  
  31  2:54  Adept, Probe (Chrono Boost)  
  34  2:58  Void Ray (Chrono Boost)  
  34  3:01  Probe  
  34  3:05  Probe  
  40  3:13  Probe  
  40  3:19  Gateway  
  41  3:20  Probe  
  41  3:24  Pylon  
  42  3:30  Probe  
  42  3:32  Probe  
  44  3:42  Probe, Oracle  
  44  3:44  Probe  
  49  3:55  Nexus  
  49  3:59  Pylon  
  49  4:01  Probe  
  50  4:03  Probe  
  51  4:11  Robotics Facility  
  51  4:13  Probe  
  51  4:15  Probe  
  53  4:17  Assimilator  
  53  4:19  Assimilator  
  53  4:23  Shield Battery  
  53  4:25  Adept  
  53  4:30  Probe  
  56  4:32  Probe  
  56  4:34  Pylon  
  57  4:42  Probe  
  57  4:44  Probe  
  59  4:54  Probe  
  59  4:56  Probe  
  61  5:00  Robotics Bay  
  61  5:02  Gateway  
  61  5:03  Observer  
  61  5:04  Gateway  
  61  5:07  Probe (Chrono Boost)  
  63  5:08  Probe (Chrono Boost)  
  63  5:09  Probe (Chrono Boost)  
  63  5:13  Pylon  
  65  5:18  Probe x2 (Chrono Boost)  
  65  5:19  Probe (Chrono Boost)  
  68  5:22  Probe (Chrono Boost)  
  68  5:23  Probe (Chrono Boost)  
  68  5:24  Probe (Chrono Boost)  
  71  5:30  Pylon  
  71  5:31  Assimilator  
  71  5:33  Probe  
  71  5:34  Twilight Council, Probe  
  71  5:35  Assimilator  
  73  5:36  Probe, Forge  
  74  5:45  Probe  
  74  5:47  Probe  
  74  5:49  Probe  
  77  5:52  Robotics Facility  
  77  5:54  Colossus (Chrono Boost)  
  83  5:57  Probe  
  83  5:59  Probe  
  83  6:01  Extended Thermal Lance, Probe  
  86  6:09  Probe  
  86  6:11  Gateway, Probe  
  88  6:12  Gateway  
  88  6:15  Protoss Ground Weapons Level 1  
  88  6:17  Blink  
  88  6:22  Sentry x2  
  88  6:24  Gateway, Probe  
  93  6:29  Observer, Phoenix, Pylon  
  93  6:30  Probe  
  96  6:33  Probe  
  97  6:43  Colossus (Chrono Boost)  
  97  6:46  Pylon  
  103  6:53  Colossus (Chrono Boost)  
  108  7:00  Photon Cannon  
  108  7:03  Shield Battery  
  108  7:04  Phoenix, Pylon  
  110  7:09  Photon Cannon  
  110  7:17  Sentry x3  
  113  7:25  Photon Cannon  
  113  7:26  Colossus (Chrono Boost)  
  113  7:29  Phoenix  
  121  7:31  Pylon  
  121  7:34  Shield Battery  
  121  7:39  Warp Prism (Chrono Boost)  
  121  7:40  Gateway  
  121  7:41  Gateway  
  123  7:46  Photon Cannon  
  123  7:49  Pylon x2  
  123  7:54  Phoenix  
  123  7:57  Stalker  
  123  7:58  Stalker x2  
  129  8:00  Zealot x2  
  131  8:08  Observer (Chrono Boost)  
  119  8:16  Disruptor (Chrono Boost)  
  119  8:19  Stalker x2  
  113  8:22  Pylon  
  113  8:26  Stalker x4  
  113  8:27  Stalker  
  103  8:36  Stalker x2  
  103  8:40  Disruptor  
  95  8:50  Stalker x3  
  95  9:05  Stalker x3  
  94  9:16  Stalker x3  
  91  9:34  Nexus  
  91  9:38  Sentry x2  
  95  9:40  Probe  
  95  9:41  Pylon  
  96  9:48  Sentry  
  98  9:56  Pylon  
  98  10:01  Stalker x3  
  104  10:10  Stalker  
  106  10:26  Stalker x4  
  114  10:33  Probe  
  115  10:44  Stalker x3  
Show
View Real Time Build Order
Export as new Build Order

SortOf Zerg - Winner!

Build Orders: Hatch First 

Get SALT Encoding   

  12  0:00  Drone  
  13  0:12  Overlord  
  13  0:17  Drone  
  14  0:31  Drone x2  
  16  0:43  Drone  
  17  0:51  Hatchery  
  17  0:55  Drone  
  17  0:59  Drone  
  18  1:09  Extractor  
  17  1:14  Spawning Pool  
  17  1:16  Drone  
  17  1:19  Drone  
  18  1:28  Drone  
  19  1:38  Drone  
  20  1:49  Overlord  
  20  2:03  Queen x2  
  20  2:04  Drone  
  20  2:05  Zergling x2  
  26  2:12  Zergling x2  
  26  2:15  Drone, Metabolic Boost  
  28  2:22  Drone  
  29  2:25  Drone  
  30  2:32  Zergling x2  
  31  2:38  Queen  
  33  2:45  Hatchery  
  33  2:47  Drone  
  33  2:51  Overlord  
  33  3:01  Zergling x4  
  33  3:02  Drone  
  36  3:09  Queen  
  38  3:13  Drone x4  
  42  3:20  Spore Crawler  
  42  3:24  Overlord  
  42  3:25  Drone  
  42  3:32  Overlord  
  42  3:34  Drone x2  
  44  3:41  Queen  
  44  3:43  Overlord  
  46  3:48  Overlord  
  46  3:53  Drone x3  
  46  3:54  Drone  
  50  4:00  Drone x3  
  50  4:02  Overlord  
  53  4:09  Drone  
  54  4:10  Drone  
  54  4:11  Queen  
  54  4:15  Spore Crawler  
  55  4:17  Drone  
  55  4:19  Drone  
  55  4:22  Drone x2  
  59  4:24  Overlord  
  59  4:27  Drone  
  59  4:28  Drone x2  
  62  4:36  Overlord  
  62  4:37  Drone, Roach Warren  
  62  4:42  Drone x3  
  64  4:47  Drone  
  64  4:50  Drone x3  
  68  4:55  Overlord  
  68  4:57  Lair  
  68  4:59  Drone x3  
  71  5:00  Extractor  
  71  5:01  Extractor  
  71  5:04  Overlord  
  71  5:06  Drone x3  
  72  5:10  Overlord  
  72  5:13  Drone  
  72  5:14  Drone  
  74  5:20  Roach x5  
  83  5:21  Drone  
  83  5:26  Drone  
  85  5:28  Extractor  
  85  5:30  Drone x3  
  85  5:31  Evolution Chamber  
  86  5:39  Hatchery  
  86  5:42  Drone x6  
  91  5:45  Spore Crawler  
  90  5:50  Drone x5  
  90  5:56  Overseer, Spire  
  93  6:02  Extractor  
  93  6:03  Overlord, Extractor  
  91  6:06  Glial Reconstitution  
  91  6:10  Overlord  
  91  6:11  Drone x7  
  98  6:16  Zerg Missile Weapons Level 1  
  98  6:20  Roach x2  
  98  6:23  Overlord  
  102  6:28  Overlord x2  
  102  6:30  Roach x3  
  102  6:31  Roach  
  110  6:34  Roach x2, Extractor  
  110  6:35  Extractor  
  112  6:42  Roach x4  
  112  6:46  Overlord  
  124  6:47  Roach x2, Overlord  
  124  6:54  Baneling Nest  
  123  6:55  Roach x3  
  123  7:00  Spore Crawler  
  128  7:02  Roach x3  
  128  7:07  Roach x3  
  140  7:10  Overlord  
  140  7:16  Roach x4  
  140  7:21  Overlord  
  148  7:26  Roach x6  
  148  7:29  Ravager x4  
  164  7:33  Zergling x4, Roach x2  
  170  7:41  Zergling x14  
  170  7:42  Ravager x2  
  170  7:43  Ravager  
  180  7:45  Overlord  
  180  7:46  Zergling x2  
  180  7:50  Zergling x6  
  182  8:05  Zergling x16  
  182  8:08  Roach x5  
  183  8:16  Roach x5  
  184  8:20  Roach x3  
  183  8:27  Roach x4  
  183  8:33  Roach x4  
  183  8:43  Roach  
  183  8:44  Roach x4  
  183  8:47  Roach x2  
  177  8:53  Drone x7  
  183  8:56  Centrifugal Hooks  
  183  8:58  Zerg Melee Weapons Level 1  
  178  9:12  Corruptor  
  178  9:13  Corruptor x4  
  171  9:17  Corruptor x2  
  171  9:23  Corruptor x2  
  177  9:26  Corruptor  
  179  9:36  Zergling x16  
  187  9:40  Overlord  
  187  9:42  Overlord  
  187  9:44  Overlord  
  187  9:46  Overseer x3  
  187  9:58  Ravager x4  
  187  9:59  Overlord x3  
  191  10:00  Zergling x16  
  199  10:07  Hatchery  
  199  10:11  Baneling x14  
  199  10:12  Baneling x2  
  199  10:13  Baneling  
  199  10:14  Baneling x2  
  198  10:16  Ravager  
  198  10:21  Infestation Pit  
  198  10:47  Zergling x2  

Tags
 
Add a new tag
Caveats
  • Supply blocks, unpowered buildings, or Contaminate may cause inaccurate times.
  • Supply counts are checked every 10 seconds.